 Dungeon Crawl Stone Soup version 0.20.0-10-g0535bb4 (webtiles) character file.

2332 DogShitOnMyToe the Covert (level 9, -2/58 HPs)
             Began as a Vampire Fire Elementalist on June 3, 2017.
             Was a Follower of Dithmenos.
             Slain by a two-headed ogre
             ... wielding a +0 giant club
              (16 damage)
             ... on level 10 of the Dungeon.
             The game lasted 00:38:28 (12959 turns).

DogShitOnMyToe the Covert (VpFE)                   Turns: 12959, Time: 00:38:28

Health: -2/58      AC:  7    Str: 10    XL:     9   Next: 19%
Magic:  12/12      EV: 17    Int: 18    God:    Dithmenos [*.....]
Gold:   310        SH:  7    Dex: 17    Spells: 12/12 levels left

rFire    . . .     SeeInvis +   P - +9 mace "Faijo" {crush, rElec rPois rN+}
rCold    + + .     Gourm    .   J - +1 buckler
rNeg     + + +     Faith    .   a - +0 robe
rPois    ∞         Spirit   .   B - +1 helmet
rElec    +         Reflect  .   O - +0 cloak
rCorr    .         Harm     .   M - +0 pair of gloves
MR       .....                  I - +0 pair of boots
Stlth    ++++++++..             E - amulet of magic regeneration
Regen    0.0/turn               q - +3 ring of strength
MPRegen  0.2/turn               f - +3 ring of evasion

@: bloodless, non-regenerating, wreathed by umbra
A: fangs 3, see invisible, unbreathing
a: Bat Form, Renounce Religion


You were on level 10 of the Dungeon.
You worshipped Dithmenos.
Dithmenos was aware of your devotion.
You were bloodless.

You visited 1 branch of the dungeon, and saw 9 of its levels.

You collected 310 gold pieces.

Inventory:

Hand Weapons
 g - a +0 short sword
 k - a +0 dagger
 n - a +1 dagger of protection
 w - a +0 falchion
 H - a +0 rapier
 P - the +9 mace "Faijo" (weapon) {crush, rElec rPois rN+}
   (You found it on level 7 of the Dungeon)

   It inflicts extra damage upon your enemies.
   It insulates you from electricity.
   It protects you from poison.
   It protects you from negative energy.
Missiles
 d - 289 stones (quivered)
 s - 9 tomahawks
 G - 2 javelins of returning
 R - 20 poisoned needles
Armour
 a - a +0 robe (worn)
 B - a +1 helmet (worn)
 I - a +0 pair of boots (worn)
 J - a +1 buckler (worn)
 M - a +0 pair of gloves (worn)
 O - a +0 cloak (worn)
Jewellery
 f - a +3 ring of evasion (right hand)
 l - an uncursed amulet of harm
 q - a +3 ring of strength (left hand)
 y - an uncursed ring of poison resistance
 E - an amulet of magic regeneration (around neck)
 F - an uncursed ring of resist corrosion {unknown}
 Q - a cursed -4 ring of evasion
Wands
 u - a wand of confusion (21/48)
 K - a wand of acid (0/15)
Scrolls
 e - 4 scrolls of enchant weapon
 h - 2 scrolls of identify {@r2}
 j - a scroll of enchant armour
 o - 2 scrolls of remove curse {@r1}
 p - a scroll of fear
 N - 2 scrolls of noise {unknown}
Potions
 c - 7 potions of blood
 i - 3 potions of haste
 m - a potion of berserk rage {unknown}
 r - 3 potions of agility
 t - a potion of might
 v - a potion of resistance
 x - 2 potions of flight
 z - a potion of magic
 A - 2 potions of brilliance
 C - 2 potions of mutation {!q}
 D - 4 potions of curing {@q1}
 L - a potion of lignification {unknown}
Books
 b - a book of Flames

   Spells                             Type                      Level
   a - Flame Tongue                   Conjuration/Fire             1
   b - Throw Flame                    Conjuration/Fire             2
   c - Conjure Flame                  Conjuration/Fire             3
   d - Inner Flame                    Hexes/Fire                   3
   e - Sticky Flame                   Conjuration/Fire             4
   f - Fireball                       Conjuration/Fire             5
   Dithmenos disapproves of the use of such an item.


   Skills:
 + Level 0.3 Fighting
 - Level 8.9 Short Blades
 + Level 4.0 Dodging
 - Level 10.2 Stealth
 - Level 5.1 Shields
 - Level 2.0 Spellcasting
   Level 0.6 Conjurations
   Level 2.4 Fire Magic


You had 12 spell levels left.
You didn't know any spells.

Dungeon Overview and Level Annotations

Branches:
Dungeon (8/15)             Temple (0/1) D:7
   Lair: D:8-11

Altars:
Dithmenos
Makhleb
Nemelex Xobeh
Ru
Sif Muna
Yredelemnul
Zin
The Shining One

Annotations:
D:4 Edmund
D:5 anfisbena's ghost, novice TrFi


Innate Abilities, Weirdness & Mutations

You do not heal naturally.
You are immune to poison.
You have razor-sharp teeth.
You have supernaturally acute eyesight. (SInv)
You can survive without breathing.


Message History

The eye of draining is moderately wounded.
You sock the eye of draining!
The eye of draining is heavily wounded.
The two-headed ogre shouts in stereo!
You hear a shout!
You hit the eye of draining.
You bite the eye of draining, but do no damage.
The eye of draining is heavily wounded.
The two-headed ogre hits you with a giant club!
The two-headed ogre hits you with a giant club!!
The eye of draining gazes at you.
You feel your power leaking away.
A centaur comes into view.
You see here a long sword.
There is a stone staircase leading down here.
You sock the two-headed ogre!
The two-headed ogre is moderately wounded.
The two-headed ogre hits you with a giant club!
* * * LOW HITPOINT WARNING * * *
The two-headed ogre hits you with a giant club!
You die...

#.# ##.##.#
#.# #.#
.....# #.#
#.# ##.####
#.# #.###
#.# #.#
....# ...##
#.# #.#.#
###
###.####.#
..#.# ...
#.c....#
###.###.#
#.###O######
........#
#..@##
###.#####
##.## #.#
#.# #.#
##.## #.#
########...#
#.#
#........#.#
#.#
#.######...#
#.# #.#
##### #.#
#.#


You could see a two-headed ogre and a centaur.

Vanquished Creatures
  A two-headed ogre (D:8)
  A sky beast (D:7)
  2 ice beasts (D:8)
  2 ogres
  A bullfrog (D:6)
  3 wights (D:4)
  2 crimson imps (D:5)
  An orc priest (D:3)
  3 centaur skeletons
  A centaur zombie (D:7)
  3 jellies
  3 hounds
  Crazy Yiuf (D:7)
  A bullfrog skeleton (D:5)
  2 orc wizards
  Natasha (thrice) (D:3)
  4 worker ants
  2 hound skeletons (D:7)
  Robin (D:4)
  15 adders
  4 gnolls (D:7)
  2 shadow imps (D:6)
  2 white imps (D:8)
  An ooze (D:3)
  3 worms
  2 dart slugs
  6 leopard geckos
  12 orcs
  5 bats
  4 giant cockroaches
  13 goblins
  11 hobgoblins
  11 jackals
  8 kobolds
  4 quokkas
  A ball python (D:1)
  5 frilled lizards
  A quokka skeleton (D:7)
  8 rats
155 creatures vanquished.

Notes
Turn   | Place    | Note
-------+----------+-------------------------------------------
     0 | D:1      | DogShitOnMyToe the Vampire Fire Elementalist began the quest for the Orb.
     0 | D:1      | Reached XP level 1. HP: 13/13 MP: 3/3
   312 | D:1      | Reached skill level 1 in Short Blades
   425 | D:1      | Reached XP level 2. HP: 16/19 MP: 3/5
  1041 | D:1      | Reached XP level 3. HP: 24/24 MP: 0/6
  1940 | D:2      | Reached XP level 4. HP: 24/30 MP: 1/7
  2610 | D:3      | Noticed Natasha
  2613 | D:3      | Killed Natasha
  2641 | D:3      | Reached skill level 5 in Short Blades
  2749 | D:3      | Reached XP level 5. HP: 28/35 MP: 5/8
  2764 | D:3      | Noticed Natasha
  2771 | D:3      | Killed Natasha
  2777 | D:3      | Noticed Natasha
  2788 | D:3      | Killed Natasha
  3977 | D:3      | Reached XP level 6. HP: 28/41 MP: 9/9
  4254 | D:3      | Found a faded altar of an unknown god.
  4335 | D:3      | Found a sparkling altar of Nemelex Xobeh.
  4335 | D:3      | Found a shadowy altar of Dithmenos.
  4341 | D:3      | Found a basalt altar of Yredelemnul.
  4343 | D:3      | Found a glowing silver altar of Zin.
  4344 | D:3      | Found a deep blue altar of Sif Muna.
  4377 | D:3      | Became a worshipper of Dithmenos the Shadowed
  4461 | D:4      | Noticed Robin
  4759 | D:4      | Found a sacrificial altar of Ru.
  4759 | D:4      | Found a glowing golden altar of the Shining One.
  5215 | D:2      | You are sucked into a shaft for 2 floors!
  5245 | D:4      | Reached skill level 4 in Stealth
  5301 | D:4      | Reached skill level 5 in Stealth
  5434 | D:4      | Found a burning altar of Makhleb.
  5929 | D:4      | Killed Robin
  5929 | D:4      | Reached skill level 6 in Stealth
  6460 | D:4      | Reached skill level 7 in Stealth
  6460 | D:4      | Reached XP level 7. HP: 32/46 MP: 10/10
  7156 | D:4      | Reached skill level 8 in Stealth
  7360 | D:5      | Entered Level 5 of the Dungeon
  7360 | D:5      | Noticed anfisbena's ghost (novice TrFi)
  7541 | D:5      | Noticed Edmund
  8036 | D:5      | Found a glowing golden altar of the Shining One.
  8800 | D:6      | Reached * piety under Dithmenos
  8872 | D:6      | Reached XP level 8. HP: 34/52 MP: 11/11
  8880 | D:6      | Reached skill level 9 in Stealth
  9685 | D:5      | You are sucked into a shaft for 3 floors!
 10225 | D:8      | Reached skill level 10 in Stealth
 10488 | D:8      | Noticed a polar bear
 11178 | D:7      | Found a runed door.
 11537 | D:7      | Found a staircase to the Ecumenical Temple.
 11806 | D:7      | Noticed Crazy Yiuf
 11821 | D:7      | Killed Crazy Yiuf
 11940 | D:7      | Got a transparent mace
 11942 | D:7      | Identified the +9 mace "Faijo" {crush, rElec rPois rN+} (You found it on level 7 of the Dungeon)
 12453 | D:8      | Noticed a two-headed ogre
 12467 | D:8      | Killed a two-headed ogre
 12467 | D:8      | Reached XP level 9. HP: 44/57 MP: 12/12
 12664 | D:8      | Reached skill level 5 in Shields
 12684 | D:8      | You fall through a shaft for 2 floors!
 12684 | D:10     | Entered Level 10 of the Dungeon
 12918 | D:10     | Noticed a two-headed ogre
 12959 | D:10     | Slain by a two-headed ogre

Skill      XL: |  1  2  3  4  5  6  7  8  9 |
---------------+----------------------------+-----
Short Blades   | 1 2 4 5 6 7 8 |  8.9
Stealth        | 7 8 10 | 10.2
Dodging        | 3 4 |  4.0
Shields        | 4 5 |  5.1
Fighting       | |  0.3
Spellcasting   | |  2.0
Conjurations   | |  0.6
Fire Magic     | |  2.4

Action                   |  1- 3 |  4- 6 |  7- 9 || total
-------------------------+-------+-------+-------++-------
Melee: Short sword       |    39 |       |       ||    39
       Unarmed           |     3 |       |       ||     3
       Bite              |     3 |    32 |    28 ||    63
       Dagger            |    34 |   245 |    78 ||   357
       Falchion          |       |    36 |       ||    36
       Rapier            |       |       |   204 ||   204
       Mace              |       |       |    27 ||    27
Throw: Stone             |    11 |     2 |       ||    13
 Cast: Flame Tongue      |    46 |    60 |       ||   106
 Abil: End Transformatio |       |     6 |     4 ||    10
       Bat Form          |       |     6 |     4 ||    10
Evoke: Wand              |       |       |     1 ||     1
  Use: Potion            |     3 |    12 |    13 ||    28
       Scroll            |       |     2 |    13 ||    15
 Stab: Sleeping          |     2 |     7 |    26 ||    35
       Distracted        |       |     2 |     1 ||     3
Armor: Robe              |    33 |    46 |    28 ||   107
Dodge: Dodged            |    53 |   152 |   208 ||   413
Block: Buckler           |       |       |     3 ||     3
       Rpst.: Falchion   |       |     7 |       ||     7
